 Dungeon Crawl Stone Soup version 0.20.0-15-g7f486f2 (webtiles) character file.

197 greprep the Grave Robber (level 5, 0/28 HPs)
             Began as a Deep Elf Necromancer on June 20, 2017.
             Slain by a slave (4 damage)
             ... led by Pikel
             ... on level 3 of the Dungeon.
             The game lasted 00:09:28 (6490 turns).

greprep the Grave Robber (Deep Elf Necromancer)     Turns: 6490, Time: 00:09:29

Health: 0/28       AC:  6    Str:  7    XL:     5   Next: 46%
Magic:  3/14       EV: 13    Int: 21    God:
Gold:   74         SH:  0    Dex: 15    Spells: 3/14 levels left

rFire    . . .     SeeInvis .   i - +2 quarterstaff (chaos)
rCold    . . .     Gourm    .   (shield currently unavailable)
rNeg     . . .     Faith    .   a - +0 robe
rPois    .         Spirit   .   v - +2 hat
rElec    .         Reflect  .   u - +0 cloak (curse)
rCorr    .         Harm     .   s - +0 pair of gloves
MR       .....                  (no boots)
Stlth    ++........             (no amulet)
Regen    0.1/turn               q - +2 ring of strength
MPRegen  0.2/turn               (no ring)

@: no status effects
A: no striking features
a: no special abilities


You were on level 3 of the Dungeon.
You were not hungry.

You visited 1 branch of the dungeon, and saw 4 of its levels.

You collected 74 gold pieces.

Inventory:

Hand Weapons
 d - a +0 dagger
 i - a +2 quarterstaff of chaos (weapon)
Armour
 a - a +0 robe (worn)
 s - a +0 pair of gloves (worn)
 u - a cursed +0 cloak (worn)
 v - a +2 hat (worn)
Jewellery
 q - a +2 ring of strength (left hand)
Scrolls
 g - a scroll of teleportation {unknown}
 n - 2 scrolls of blinking
 o - a scroll of remove curse {unknown}
 r - 3 scrolls of magic mapping
 t - a scroll of fog {unknown}
 w - a scroll of recharging {unknown}
Potions
 e - a potion of heal wounds {unknown}
 f - a potion of invisibility {unknown}
 j - 2 potions of mutation {unknown}
 k - 2 potions of magic {unknown}
 m - a potion of haste {unknown}
 p - a potion of might {unknown}
Books
 b - a book of Necromancy

   Spells                             Type                      Level
   a - Pain                           Necromancy                   1
   b - Animate Skeleton               Necromancy                   1
   c - Vampiric Draining              Necromancy                   3
   d - Regeneration                   Charms/Necromancy            3
   e - Animate Dead                   Necromancy                   4
   f - Control Undead                 Necromancy                   4
Comestibles
 c - 2 bread rations
 l - a meat ration
 x - a royal jelly


   Skills:
 + Level 0.2 Fighting
 - Level 1.1 Short Blades
 + Level 2.7 Dodging
 + Level 3.3 Stealth
 + Level 5.1 Spellcasting
 + Level 6.4 Necromancy


You had 3 spell levels left.
You knew the following spells:

 Your Spells              Type           Power        Failure   Level  Hunger
a - Pain                  Necr           ####         1%          1    None
b - Vampiric Draining     Necr           ####......   2%          3    ##.....
c - Control Undead        Necr           ####......   8%          4    ####...
d - Regeneration          Chrm/Necr      ###.......   9%          3    ##.....


Dungeon Overview and Level Annotations

Branches:
Dungeon (4/15)
 Temple: D:4-7

Altars:
Makhleb

Annotations:
D:3 Grinder, Pikel


Message History

The crimson imp blinks!
The slave hits you. Pikel hits you with a whip of freezing.
* * * LOW HITPOINT WARNING * * *
Pikel freezes you.
* * * LOW HITPOINT WARNING * * *
The slave hits you.
* * * LOW HITPOINT WARNING * * *
There is a stone staircase leading up here.
Unknown command.
Pikel closely misses you.
You climb upwards.
Level annotation: Grinder
There is a stone staircase leading down here.
You feel better. The slave hits you.
* * * LOW HITPOINT WARNING * * *
Pikel closely misses you.
You hit Pikel. You burn Pikel.
Pikel is almost dead.
The slave hits you.
You die...

###### #..... #####
####### #.#### ....#
#.....# #.####
###.######### #.###.#
#....# # #.........#
#.# #.# #..#..
###.##...##.####p###.#
#..†.#
....#.....#....K@....#
#.#.##
######...#######.##..#
#.#.## ##.## #.##..#
#..... #.# #.##..#
###.## #.# #.....#
#..# ##'## ####.###
#.## ##...## #...# #.#
##.....## ########.#
#.###
##.......###........#
##.#.#


You could see Pikel and a slave.

Vanquished Creatures
  Crazy Yiuf (D:3)
  A bullfrog skeleton (D:3)
  7 adders
  2 oozes
  2 worms
  3 dart slugs
  4 leopard geckos
  2 orcs (D:3)
  A ball python (D:2)
  3 giant cockroaches
  7 goblins
  4 hobgoblins
  4 jackals (D:2)
  A quokka (D:4)
  10 bats
  3 frilled lizards
  8 kobolds
  8 rats
71 creatures vanquished.

Vanquished Creatures (collateral kills)
  A worm (D:3)
  An orc (D:3)
2 creatures vanquished.

Grand Total: 73 creatures vanquished

Notes
Turn   | Place    | Note
-------+----------+-------------------------------------------
     0 | D:1      | greprep the Deep Elf Necromancer began the quest for the Orb.
     0 | D:1      | Reached XP level 1. HP: 10/10 MP: 6/6
    66 | D:1      | Reached skill level 5 in Necromancy
   345 | D:1      | Reached XP level 2. HP: 13/15 MP: 5/8
  1924 | D:2      | Reached XP level 3. HP: 12/19 MP: 5/10
  1989 | D:2      | Learned a level 3 spell: Vampiric Draining
  3155 | D:2      | Reached XP level 4. HP: 23/24 MP: 8/12
  3272 | D:2      | Learned a level 4 spell: Control Undead
  3955 | D:2      | Reached skill level 6 in Necromancy
  5056 | D:3      | Reached XP level 5. HP: 28/28 MP: 14/14
  5336 | D:3      | Noticed Grinder
  5514 | D:3      | Learned a level 3 spell: Regeneration
  5729 | D:3      | Found a runed door.
  5733 | D:3      | Noticed Crazy Yiuf
  5742 | D:3      | Killed Crazy Yiuf
  5742 | D:3      | Reached skill level 1 in Short Blades
  5742 | D:3      | Reached skill level 5 in Spellcasting
  5931 | D:3      | Found a burning altar of Makhleb.
  5931 | D:3      | Noticed a green death
  6458 | D:4      | Noticed a slave
  6460 | D:4      | Noticed Pikel
  6462 | D:4      | Noticed a slave
  6476 | D:4      | Noticed a slave
  6481 | D:4      | Noticed a slave
  6486 | D:4      | HP: 1/28 [slave[Pikel] (5)]
  6490 | D:3      | Slain by a slave

Skill      XL: |  1  2  3  4  5 |
---------------+----------------+-----
Necromancy     | 5 6 |  6.4
Spellcasting   | 4 5 |  5.1
Stealth        | 3 |  3.3
Short Blades   | 1 |  1.1
Fighting       | |  0.2
Dodging        | |  2.7

Action                   |  1- 3 |  4- 6 || total
-------------------------+-------+-------++-------
Melee: Dagger            |    36 |    24 ||    60
       Quarterstaff      |       |    11 ||    11
 Cast: Pain              |    45 |    46 ||    91
       Vampiric Draining |     4 |    17 ||    21
       Control Undead    |       |     2 ||     2
  Use: Scroll            |       |     2 ||     2
       Potion            |       |     2 ||     2
 Stab: Sleeping          |     4 |     6 ||    10
  Eat: Chunk             |     1 |     6 ||     7
       Bread ration      |     1 |     1 ||     2
       Royal jelly       |     1 |       ||     1
Armor: Robe              |    18 |    11 ||    29
Dodge: Dodged            |    45 |    43 ||    88
